[Event "Chinese Championship-B Women 2024"]
[Site "Liaocheng"]
[Date "2024.04.24"]
[Round "4.3"]
[White "Zhou, Shumeng"]
[Black "Du, Yuxin"]
[Result "1-0"]
[WhiteElo "1800"]
[BlackElo "1960"]
[PlyCount "221"]
[EventDate "2024.04.24"]
[EventType "swiss"]
[EventCountry "CHN"]
[TimeControl "5400+30"]

1. e4 c6 2. d4 d5 3. e5 Bf5 4. h4 h5 5. Bd3 Bxd3 6. Qxd3 e6 7. Nf3 Ne7 8. Bg5 Qb6 9. Nbd2 Nf5 10. O-O Nd7 11. c4 dxc4 12. Nxc4 Qa6 13. Qc2 Nb6 14. Ne3 Ne7 15. Rfd1 Ned5 16. a3 Qb5 17. Nd2 a5 18. Ne4 a4 19. Rac1 Qa5 20. Qe2 Qa6 21. Qf3 Qb5 22. Rd2 Qb3 23. Ng3 g6 24. Ne4 Qb5 25. Re2 Qa6 26. Rce1 Be7 27. Nd6+ Bxd6 28. exd6 O-O 29. Nxd5 Nxd5 30. d7 Qb6 31. Qd3 Kh7 32. d8=Q Raxd8 33. Bxd8 Qxd8 34. g3 Ne7 35. Qc4 Qa5 36. Re5 Nd5 37. Qc2 Kg7 38. R1e2 Re8 39. Kg2 Qa7 40. Qc5 Qxc5 41. dxc5 Ra8 42. R5e4 Ra5 43. Rc4 Kf6 44. Kf3 Nc7 45. g4 hxg4+ 46. Kxg4 Nd5 47. Rd2 Ke7 48. Rd3 Nf6+ 49. Kg3 Nd7 50. Rdc3 e5 51. Rc2 Ke6 52. R4c3 Nf6 53. Re2 Nd7 54. f4 f6 55. fxe5 fxe5 56. Rec2 Nf6 57. Rc4 Kd5 58. Kf3 Ke6 59. Rb4 e4+ 60. Ke2 Ra7 61. Rcc4 Kd5 62. Rxa4 Rxa4 63. Rxa4 Kxc5 64. Ra7 b5 65. Rg7 Nd5 66. Kd1 Ne3+ 67. Kd2 Nf5 68. Rxg6 Nxh4 69. Rg4 Nf3+ 70. Ke3 Ne5 71. Rg5 Kd6 72. Kxe4 Nc4 73. Rg2 Kc5 74. Kd3 Kb6 75. Kc3 Ne3 76. Rg6 Kc5 77. Rg5+ Kb6 78. b3 Nd5+ 79. Kd4 Nc7 80. Rg6 Nd5 81. b4 Nf4 82. Rh6 Nd5 83. Ke5 Ne3 84. Rh3 Nc4+ 85. Kd4 Nd6 86. Rc3 Nb7 87. Rc1 Nd6 88. Rc5 Nb7 89. Rc3 Nd6 90. Ke5 Nc4+ 91. Ke6 c5 92. Kd5 cxb4 93. axb4 Nb2 94. Rb3 Na4 95. Rh3 Kc7 96. Rh7+ Kb6 97. Kd6 Nb2 98. Kd7 Nd3 99. Rh6+ Kb7 100. Rh4 Kb6 101. Rd4 Nb2 102. Kc8 Nc4 103. Kb8 Kc6 104. Ka7 Na3 105. Ka6 Nc2 106. Rh4 Na3 107. Rh6+ Kd5 108. Rh3 Nc2 109. Kxb5 Nd4+ 110. Ka6 Ne6 111. Rc3 1-0

[Event "Chinese Championship-B Women 2024"]
[Site "Liaocheng"]
[Date "2024.04.24"]
[Round "4.4"]
[White "Guo, Weibao"]
[Black "Shao, Qiyu"]
[Result "1/2-1/2"]
[WhiteElo "1954"]
[BlackElo "1764"]
[PlyCount "144"]
[EventDate "2024.04.24"]
[EventType "swiss"]
[EventCountry "CHN"]
[TimeControl "5400+30"]

1. d4 Nf6 2. c4 e6 3. Nf3 b6 4. g3 Ba6 5. b3 Bb4+ 6. Bd2 Be7 7. Bg2 Bb7 8. O-O O-O 9. Nc3 d5 10. Ne5 Nbd7 11. Nxd7 Qxd7 12. Qc2 c5 13. dxc5 Bxc5 14. cxd5 Nxd5 15. Nxd5 Bxd5 16. e4 Bb7 17. Bc3 Bd4 18. Bxd4 Qxd4 19. Rad1 Qb4 20. Rd7 Rfc8 21. Qb2 Bc6 22. Rd4 Qe7 23. Rfd1 h6 24. h4 Rd8 25. Qc3 Rxd4 26. Rxd4 Bb7 27. Qd2 Bc6 28. Qc3 Bb7 29. Qd3 Bc6 30. Rd6 Rc8 31. Qd2 Bd5 32. e5 Rd8 33. Rxd8+ Qxd8 34. Bxd5 exd5 35. Qd4 Qd7 36. Kg2 Qc6 37. Kf3 Kf8 38. Ke3 Ke7 39. Kd3 Qg6+ 40. Ke3 Qc6 41. Kd3 g6 42. Qf4 Qb5+ 43. Kc3 Qc6+ 44. Kd3 Qb5+ 45. Kc3 Qc5+ 46. Kd3 Ke8 47. Qf6 d4 48. Qd6 Qc3+ 49. Ke4 Qc2+ 50. Kxd4 Qxf2+ 51. Kc4 Qe2+ 52. Kd5 Qf3+ 53. Kc4 Qb7 54. Kd4 Qc8 55. Kd5 Qb7+ 56. Kd4 Qc8 57. Kd5 Qd7 58. b4 Qb5+ 59. Kd4 Qd7 60. Kd5 Qb5+ 61. Kd4 Qd7 62. Qxd7+ Kxd7 63. Kd5 g5 64. hxg5 hxg5 65. b5 g4 66. Ke4 Ke6 67. Kd4 Ke7 68. Kd5 Kd7 69. Kd4 Ke7 70. Kd5 Kd7 71. Kd4 Ke7 72. Kd5 Kd7 1/2-1/2

[Event "Chinese Championship-B Women 2024"]
[Site "Liaocheng"]
[Date "2024.04.24"]
[Round "4.5"]
[White "Wang, Shunshun"]
[Black "Wang, Xiaoyan"]
[Result "0-1"]
[WhiteElo "1763"]
[BlackElo "1932"]
[PlyCount "60"]
[EventDate "2024.04.24"]
[EventType "swiss"]
[EventCountry "CHN"]
[TimeControl "5400+30"]

1. d4 Nf6 2. c4 g6 3. Nc3 Bg7 4. e4 d6 5. h3 O-O 6. Be3 e5 7. d5 a5 8. g4 Na6 9. Nge2 c6 10. Qd2 cxd5 11. cxd5 b5 12. f3 Bd7 13. Ng3 b4 14. Nce2 Nc5 15. h4 Bb5 16. Nc1 Bxf1 17. Kxf1 h5 18. gxh5 Nxh5 19. Nxh5 gxh5 20. Rg1 f5 21. Bh6 Ra7 22. Bxg7 Rxg7 23. Qh6 Rxg1+ 24. Kxg1 Rf7 25. Qxh5 fxe4 26. Ne2 Rh7 27. Qf5 Rg7+ 28. Kf1 Qxh4 29. Ng1 e3 30. Nh3 Qc4+ 0-1

[Event "Chinese Championship-B Women 2024"]
[Site "Liaocheng"]
[Date "2024.04.24"]
[Round "4.6"]
[White "Jiang, Tianyu"]
[Black "Zhou, Lanqier"]
[Result "1-0"]
[WhiteElo "1929"]
[BlackElo "1654"]
[PlyCount "83"]
[EventDate "2024.04.24"]
[EventType "swiss"]
[EventCountry "CHN"]
[TimeControl "5400+30"]

1. e4 e5 2. Nf3 Nc6 3. Bc4 Nf6 4. d3 Be7 5. O-O d6 6. a4 O-O 7. Re1 Be6 8. Bxe6 fxe6 9. c3 Qd7 10. Nbd2 Nh5 11. Nf1 Nf4 12. g3 Ng6 13. h4 a5 14. N1h2 Rae8 15. Kg2 Bd8 16. Ng5 Nh8 17. Qh5 h6 18. Nh3 Qf7 19. Qe2 d5 20. Rf1 Qd7 21. Qg4 Rf6 22. Qe2 Rff8 23. Ng4 Nf7 24. Bd2 Be7 25. Rad1 Bd6 26. Nh2 Be7 27. Qg4 Rd8 28. Qg6 Nh8 29. Qg4 Nf7 30. Bc1 Bf6 31. Qh5 Nh8 32. Qe2 Nf7 33. Ng4 Be7 34. f4 Bd6 35. f5 exf5 36. exf5 Be7 37. f6 Bxf6 38. Nxf6+ gxf6 39. Rxf6 Kg7 40. Rdf1 Ne7 41. Qh5 Ng8 42. Qg6+ 1-0

[Event "Chinese Championship-B Women 2024"]
[Site "Liaocheng"]
[Date "2024.04.24"]
[Round "4.7"]
[White "Xue, Shixuan"]
[Black "Men, Jiayi"]
[Result "1-0"]
[WhiteElo "1790"]
[BlackElo "1845"]
[PlyCount "93"]
[EventDate "2024.04.24"]
[EventType "swiss"]
[EventCountry "CHN"]
[TimeControl "5400+30"]

1. e4 d6 2. d4 Nf6 3. Nc3 g6 4. f4 Bg7 5. Nf3 c5 6. dxc5 Qa5 7. Bd3 Qxc5 8. Qe2 a6 9. Be3 Qc7 10. O-O Bg4 11. h3 Bxf3 12. Qxf3 O-O 13. Rae1 Nbd7 14. g4 Nc5 15. g5 Nxd3 16. cxd3 Nd7 17. Nd5 Qd8 18. f5 e6 19. f6 exd5 20. fxg7 Kxg7 21. Bd4+ Ne5 22. Qg3 f6 23. exd5 Kg8 24. gxf6 Rxf6 25. Rxf6 Qxf6 26. Bxe5 dxe5 27. Qxe5 Qf3 28. Qe6+ Kg7 29. Rf1 Qxd3 30. Rf7+ Kh6 31. Qe5 Qd1+ 32. Kg2 Qd2+ 33. Kg3 Qg5+ 34. Qxg5+ Kxg5 35. h4+ Kh6 36. Kf4 Rc8 37. d6 Rc2 38. Rxb7 Rf2+ 39. Ke5 g5 40. hxg5+ Kxg5 41. Rg7+ Kh5 42. d7 Rd2 43. Ke6 Kh6 44. Rg4 Kh5 45. Re4 Kg6 46. Ke7 Kf5 47. Re1 1-0

[Event "Chinese Championship-B Women 2024"]
[Site "Liaocheng"]
[Date "2024.04.24"]
[Round "4.8"]
[White "Chu, Ruotong"]
[Black "Peng, Shiyang"]
[Result "1-0"]
[WhiteElo "2124"]
[BlackElo "1661"]
[PlyCount "73"]
[EventDate "2024.04.24"]
[EventType "swiss"]
[EventCountry "CHN"]
[TimeControl "5400+30"]

1. d4 Nf6 2. c4 c5 3. d5 b5 4. cxb5 a6 5. bxa6 g6 6. Nc3 Bxa6 7. e4 Bxf1 8. Kxf1 d6 9. Nf3 Nbd7 10. g3 Bg7 11. Kg2 O-O 12. a4 Qa5 13. Qc2 Rfb8 14. Re1 Nb6 15. Nd2 Nfd7 16. f4 Qb4 17. Ra3 Ra7 18. Rb3 Qa5 19. Rb5 Qa6 20. b3 Nc8 21. Rxb8 Nxb8 22. Nb5 Qb7 23. Nxa7 Nxa7 24. Bb2 Na6 25. Bxg7 Kxg7 26. Qc3+ Kg8 27. Nc4 Nb4 28. Rf1 Qa6 29. f5 Nc8 30. fxg6 hxg6 31. Qf3 f6 32. Qg4 Kg7 33. h4 Nc2 34. h5 g5 35. Qf5 Nb6 36. h6+ Kh8 37. Qg6 1-0

[Event "Chinese Championship-B Women 2024"]
[Site "Liaocheng"]
[Date "2024.04.24"]
[Round "4.9"]
[White "Yang, Yijing"]
[Black "Guo, Hanxi"]
[Result "1-0"]
[WhiteElo "2040"]
[BlackElo "1699"]
[PlyCount "127"]
[EventDate "2024.04.24"]
[EventType "swiss"]
[EventCountry "CHN"]
[TimeControl "5400+30"]

1. c4 Nf6 2. Nc3 e6 3. e4 d5 4. cxd5 exd5 5. e5 d4 6. exf6 dxc3 7. Bb5+ c6 8. Qe2+ Be6 9. Bc4 Qxf6 10. dxc3 Bc5 11. Bxe6 Qxe6 12. Qxe6+ fxe6 13. Nf3 O-O 14. O-O Nd7 15. Re1 e5 16. Be3 e4 17. Ng5 Rae8 18. b4 Be7 19. Nxe4 Bxb4 20. Bxa7 Ba5 21. Bd4 b6 22. Rad1 Rd8 23. f3 c5 24. Bf2 Nf6 25. Rxd8 Rxd8 26. Bh4 Kf7 27. Rc1 Rd3 28. Nxf6 gxf6 29. Be1 c4 30. a4 Kg6 31. Kf1 h5 32. Ke2 Kf5 33. Bd2 Kg6 34. Kd1 h4 35. h3 Rd8 36. Kc2 Rg8 37. Re1 f5 38. Bf4 Kf6 39. Re2 Kf7 40. Be5 Re8 41. Kd1 Rd8+ 42. Rd2 Rg8 43. Kc2 Re8 44. Bd4 Rg8 45. Re2 Rg6 46. Kd2 Rd6 47. Kc2 Rg6 48. Kb2 Rg8 49. Kc1 Rg6 50. Rb2 Rd6 51. Rb5 Kg6 52. Re5 Rc6 53. Re8 Kg5 54. Kd2 Rd6 55. Ke2 Rd5 56. Kf2 b5 57. f4+ Kg6 58. axb5 Rxb5 59. Rc8 Rb2+ 60. Kf3 Rd2 61. Rxc4 Rd3+ 62. Ke2 Rg3 63. Kf2 Bd8 64. Rc8 1-0

[Event "Chinese Championship-B Women 2024"]
[Site "Liaocheng"]
[Date "2024.04.24"]
[Round "4.10"]
[White "Zhao, Yunqing"]
[Black "Liu, Tian Yi"]
[Result "1-0"]
[WhiteElo "1965"]
[BlackElo "1636"]
[PlyCount "98"]
[EventDate "2024.04.24"]
[EventType "swiss"]
[EventCountry "CHN"]
[TimeControl "5400+30"]

1. d4 Nf6 2. Nf3 e6 3. g3 d5 4. Bg2 Be7 5. c4 O-O 6. O-O b6 7. cxd5 exd5 8. Nc3 Bb7 9. Ne5 Na6 10. Bf4 c5 11. Rc1 Nc7 12. dxc5 Bxc5 13. Nf3 Ne6 14. Be5 Ne4 15. e3 Nxc3 16. Bxc3 Qe7 17. Qd2 Rfd8 18. Rfd1 a5 19. h4 Rd6 20. Nd4 Bxd4 21. Bxd4 h6 22. Rc2 Rad8 23. b4 Bc6 24. Rb2 Nxd4 25. Qxd4 axb4 26. Rxb4 Ra8 27. Rd2 b5 28. Bf1 Qf6 29. e4 Qxd4 30. Rbxd4 Bd7 31. Rxd5 Rxd5 32. exd5 g6 33. f4 Kg7 34. Kf2 Kf6 35. Bg2 Ra3 36. d6 Ra6 37. Bf3 b4 38. Be2 Rb6 39. Bc4 Rb7 40. Ke3 Ra7 41. Kd4 Ra3 42. Bb3 Ra5 43. Kc4 g5 44. fxg5+ hxg5 45. h5 g4 46. Rf2+ Kg7 47. Rxf7+ Kxf7 48. Kxb4+ Kf6 49. Kxa5 Ke5 1-0

[Event "Chinese Championship-B Women 2024"]
[Site "Liaocheng"]
[Date "2024.04.24"]
[Round "4.11"]
[White "Wu, Shuang(Hlj)"]
[Black "Zhao, Chenyu"]
[Result "0-1"]
[WhiteElo "1701"]
[BlackElo "1909"]
[PlyCount "118"]
[EventDate "2024.04.24"]
[EventType "swiss"]
[EventCountry "CHN"]
[TimeControl "5400+30"]

1. d4 Nf6 2. Nf3 e6 3. e3 c5 4. Bd3 Nc6 5. a3 d5 6. b3 b6 7. Bb2 Bb7 8. Nbd2 Bd6 9. Ne5 cxd4 10. exd4 Qc7 11. Qe2 O-O 12. O-O Ne7 13. f4 Rac8 14. Rf3 Nf5 15. Rh3 Bxe5 16. fxe5 Ne4 17. Bxe4 dxe4 18. c4 Qc6 19. Re1 e3 20. Nf1 Rcd8 21. d5 exd5 22. Nxe3 Nxe3 23. Rxe3 Qe6 24. Rf1 dxc4 25. bxc4 Ba6 26. Rf4 Rd7 27. h3 Rc8 28. Ree4 Rdc7 29. Rf6 Bxc4 30. Qe3 Qd7 31. Rd6 Qe7 32. Red4 Be6 33. Qd3 g6 34. a4 h6 35. h4 Rc4 36. Ba3 Rxd4 37. Rxd4 Qc7 38. Bb4 Qxe5 39. Bc3 Qc5 40. Bb2 Rd8 41. Kh2 Rxd4 42. Qxd4 Qxd4 43. Bxd4 Kf8 44. a5 bxa5 45. Bxa7 Ke7 46. Kg3 Kd6 47. Kf2 a4 48. Ke3 a3 49. Bd4 a2 50. Kd2 Kd5 51. Bf6 Ke4 52. Kc2 Ke3 53. Kb2 Kf4 54. Bg7 h5 55. Bf6 Kg3 56. Kc2 Kxg2 57. Kd3 Kf3 58. Be5 f5 59. Kd2 f4 0-1

[Event "Chinese Championship-B Women 2024"]
[Site "Liaocheng"]
[Date "2024.04.24"]
[Round "4.12"]
[White "Gao, Muziyan"]
[Black "Pi, Aiying"]
[Result "1-0"]
[WhiteElo "1891"]
[BlackElo "1617"]
[PlyCount "59"]
[EventDate "2024.04.24"]
[EventType "swiss"]
[EventCountry "CHN"]
[TimeControl "5400+30"]

1. Nf3 d6 2. d4 Bg4 3. e4 Nf6 4. Bd3 e5 5. dxe5 dxe5 6. h3 Bxf3 7. Qxf3 Nbd7 8. c3 c6 9. O-O Be7 10. Nd2 O-O 11. Nc4 Qc7 12. Ne3 g6 13. Ng4 Nxg4 14. hxg4 Qd8 15. Bh6 Bg5 16. Bxf8 Qxf8 17. Rad1 Nc5 18. Bc2 Rd8 19. b4 Ne6 20. Rxd8 Qxd8 21. Rd1 Qe7 22. g3 a6 23. Bb3 Kg7 24. Qd3 Nc7 25. Qd7 Nb5 26. Qd3 Nc7 27. a4 Kf8 28. Qd7 Ne6 29. Qc8+ Kg7 30. Bxe6 1-0

[Event "Chinese Championship-B Women 2024"]
[Site "Liaocheng"]
[Date "2024.04.24"]
[Round "4.13"]
[White "Yu, Xilei"]
[Black "Shi Shuhua"]
[Result "1/2-1/2"]
[WhiteElo "1676"]
[BlackElo "1840"]
[PlyCount "88"]
[EventDate "2024.04.24"]
[EventType "swiss"]
[EventCountry "CHN"]
[TimeControl "5400+30"]

1. e4 c5 2. Nf3 d6 3. Bb5+ Nc6 4. O-O Bd7 5. Nc3 Nf6 6. d4 cxd4 7. Nxd4 g6 8. Nxc6 bxc6 9. Bc4 Bg7 10. h3 O-O 11. f4 Qb6+ 12. Kh2 Rad8 13. Qf3 e6 14. Bb3 c5 15. g4 Bc6 16. g5 Nd7 17. Qd3 Qb8 18. Be3 Nb6 19. Rad1 Qb7 20. e5 c4 21. Bxc4 Nxc4 22. Qxc4 dxe5 23. Bc5 Rfe8 24. Rxd8 Rxd8 25. Bxa7 exf4 26. Rd1 Rxd1 27. Nxd1 f3 28. Bf2 Bd5 29. Qa4 Be5+ 30. Kg1 Bc6 31. Qc4 Bb8 32. Ne3 Ba7 33. Ng4 Bxf2+ 34. Kxf2 Qb6+ 35. Ne3 Qc7 36. Ng4 Qb6+ 37. Ne3 Bb7 38. Qc3 Qb5 39. Ng4 Qe2+ 40. Kg3 Qg2+ 41. Kf4 f2 42. Nf6+ Kf8 43. Qc5+ Kg7 44. Ne8+ Kg8 1/2-1/2

[Event "Chinese Championship-B Women 2024"]
[Site "Liaocheng"]
[Date "2024.04.24"]
[Round "4.14"]
[White "Cui, Wen"]
[Black "Shao, Yanrui"]
[Result "1-0"]
[WhiteElo "1825"]
[BlackElo "1514"]
[PlyCount "131"]
[EventDate "2024.04.24"]
[EventType "swiss"]
[EventCountry "CHN"]
[TimeControl "5400+30"]

1. e4 c5 2. Nf3 d6 3. d4 cxd4 4. Nxd4 Nf6 5. Nc3 a6 6. Be3 e5 7. Nb3 Be6 8. f3 Be7 9. Qd2 Nbd7 10. O-O-O b5 11. g4 b4 12. Nd5 Bxd5 13. exd5 a5 14. Kb1 a4 15. Nc1 Rb8 16. g5 Nh5 17. Rg1 g6 18. Nd3 b3 19. cxb3 axb3 20. a3 Ng7 21. Nb4 Qa5 22. Nc6 Qxd2 23. Rxd2 Ra8 24. Bc4 Nf5 25. Bf2 O-O 26. Bxb3 Nb8 27. Nxe7+ Nxe7 28. Rc1 Na6 29. Ba2 f5 30. gxf6 Rxf6 31. Bh4 Rf7 32. Bxe7 Rxe7 33. Rc6 Rd7 34. Bc4 Nc5 35. b4 Na4 36. Kc2 Rb8 37. Kb3 Nc5+ 38. Kc2 Na4 39. Bf1 g5 40. Bh3 Rdd8 41. Rc7 Rf8 42. Be6+ Kh8 43. Rd3 h5 44. Ra7 Nb6 45. Rc3 Rf4 46. Kb3 Rbf8 47. Ra6 Rb8 48. a4 Rb7 49. a5 Nd7 50. Rxd6 Rfxb4+ 51. Kc2 Rb2+ 52. Kd3 Nf8 53. a6 Ra7 54. Bc8 Rxh2 55. Bb7 g4 56. fxg4 hxg4 57. Ke4 Rh5 58. Rd8 Kg7 59. Rc7+ Kg6 60. Rxf8 Kg5 61. Rg8+ Kh4 62. Rcg7 g3 63. Rxg3 Rh6 64. Rg1 Rg6 65. R8xg6 Kh5 66. Rg8 1-0

[Event "Chinese Championship-B Women 2024"]
[Site "Liaocheng"]
[Date "2024.04.24"]
[Round "5.1"]
[White "Sun, Jihan"]
[Black "Wang, Chuqiao"]
[Result "0-1"]
[WhiteElo "1781"]
[BlackElo "2302"]
[PlyCount "94"]
[EventDate "2024.04.24"]
[EventType "swiss"]
[EventCountry "CHN"]
[TimeControl "5400+30"]

1. e4 e5 2. Nf3 Nc6 3. Bc4 Nf6 4. d3 Bc5 5. c3 a5 6. O-O d6 7. Nbd2 O-O 8. Re1 Be6 9. Bb5 Qb8 10. Nf1 Qa7 11. Be3 Bxe3 12. Nxe3 Ne7 13. Bc4 Bxc4 14. Nxc4 b5 15. Ne3 Ng6 16. a4 Qc5 17. d4 Qb6 18. Qe2 exd4 19. cxd4 bxa4 20. e5 dxe5 21. dxe5 Nd7 22. Rxa4 Nc5 23. Rc4 Rad8 24. Rd1 Ne6 25. g3 Qb5 26. Rc2 Qb7 27. Rc4 Qb5 28. Rc2 Qb7 29. Rc4 c5 30. h4 Rxd1+ 31. Nxd1 h6 32. Nc3 Rd8 33. h5 Ne7 34. Ne4 Qd5 35. Nd6 Nd4 36. Nxd4 cxd4 37. Rc7 d3 38. Qd2 Qxe5 39. Nb5 Qe2 40. Qxe2 dxe2 41. Rxe7 Rd1+ 42. Kg2 e1=Q 43. Rxe1 Rxe1 44. Nc3 Rc1 45. Kf3 Rc2 46. Na4 Rc4 47. b3 Rb4 0-1

[Event "Chinese Championship-B Women 2024"]
[Site "Liaocheng"]
[Date "2024.04.24"]
[Round "5.2"]
[White "Wang, Xiaoyan"]
[Black "Zhou, Shumeng"]
[Result "1/2-1/2"]
[WhiteElo "1932"]
[BlackElo "1800"]
[PlyCount "136"]
[EventDate "2024.04.24"]
[EventType "swiss"]
[EventCountry "CHN"]
[TimeControl "5400+30"]

1. d4 d5 2. c4 e6 3. Nc3 Nf6 4. cxd5 exd5 5. Bg5 c6 6. e3 Be7 7. Bd3 h6 8. Bh4 O-O 9. Qc2 Re8 10. Nge2 Nbd7 11. O-O Nh5 12. Ng3 Bxh4 13. Nxh5 Nf8 14. Nf4 Ne6 15. Nxe6 Bxe6 16. b4 Qd6 17. Rab1 Bd8 18. b5 c5 19. dxc5 Qxc5 20. Ne2 Qxc2 21. Bxc2 d4 22. Nxd4 Bxa2 23. Ra1 Bc4 24. Rfc1 Bb6 25. Bh7+ Kxh7 26. Rxc4 Re5 27. Rb1 Rd8 28. g3 Rdd5 29. Rcb4 Re4 30. Ra4 Ree5 31. Rab4 Bc5 32. Ra4 Bxd4 33. exd4 Rxb5 34. Rd1 Red5 35. Rxa7 Rb2 36. Rc1 Rf5 37. Rf1 Kg6 38. f3 Rh5 39. h4 Kf6 40. Rf2 Rhb5 41. Ra8 Rb1+ 42. Kg2 Rd1 43. Ra4 Rbb1 44. Re2 Rg1+ 45. Kh3 h5 46. Ra5 g6 47. Rd5 Rb3 48. Rd6+ Kg7 49. Rf2 Rd1 50. Kg2 Rb4 51. d5 Rb5 52. Rd7 Rdxd5 53. Rc7 Rb1 54. Re2 b5 55. Rb7 b4 56. g4 hxg4 57. fxg4 Rd4 58. Rf2 Rxg4+ 59. Kh3 Rc4 60. Rfxf7+ Kg8 61. Rg7+ Kf8 62. Rxg6 Rh1+ 63. Kg2 Rhxh4 64. Ra6 Rhg4+ 65. Kf3 Rgf4+ 66. Ke3 Rfe4+ 67. Kd3 Red4+ 68. Ke3 Re4+ 1/2-1/2

[Event "Chinese Championship-B Women 2024"]
[Site "Liaocheng"]
[Date "2024.04.24"]
[Round "5.3"]
[White "Xue, Shixuan"]
[Black "Jiang, Tianyu"]
[Result "1/2-1/2"]
[WhiteElo "1790"]
[BlackElo "1929"]
[PlyCount "127"]
[EventDate "2024.04.24"]
[EventType "swiss"]
[EventCountry "CHN"]
[TimeControl "5400+30"]

1. e4 c5 2. Nf3 e6 3. c3 d5 4. e5 d4 5. cxd4 cxd4 6. Bb5+ Bd7 7. Nxd4 Bxb5 8. Nxb5 a6 9. N5c3 Nc6 10. O-O Qd4 11. Ne2 Qxe5 12. d4 Qa5 13. Nbc3 Nf6 14. Qb3 Qb4 15. Qd1 Rd8 16. a3 Qa5 17. b4 Qh5 18. Bf4 Be7 19. Qa4 O-O 20. b5 axb5 21. Qxb5 Qxb5 22. Nxb5 Rd7 23. Rfd1 Nd5 24. Rd3 Rfd8 25. Be3 Bf6 26. Rad1 h6 27. g3 Kh7 28. Kg2 g6 29. Bc1 Bg7 30. Bb2 Nde7 31. f4 g5 32. Kf2 Kg6 33. h3 Nf5 34. g4 Nfe7 35. Kf3 Kh7 36. Kg3 Bh8 37. h4 gxf4+ 38. Nxf4 Nd5 39. Ne2 h5 40. g5 Nce7 41. Rf1 Nf5+ 42. Kh3 Nde3 43. Rf3 Nc4 44. Bc3 Ne5 45. Nf4 Nxf3 46. Rxf3 Nxd4 47. Nxd4 Bxd4 48. g6+ Kh6 49. Bxd4 Rxd4 50. gxf7 R4d6 51. Nxe6 Rxe6 52. f8=Q+ Rxf8 53. Rxf8 Re3+ 54. Kg2 Rxa3 55. Rf6+ Kg7 56. Rb6 Ra7 57. Kg3 Kf8 58. Rh6 Ra5 59. Rb6 Ra3+ 60. Kf4 Ra4+ 61. Kg5 Ra5+ 62. Kf4 Ra7 63. Kg5 Ra5+ 64. Kf4 1/2-1/2

[Event "Chinese Championship-B Women 2024"]
[Site "Liaocheng"]
[Date "2024.04.24"]
[Round "5.4"]
[White "Cui, Wen"]
[Black "Chu, Ruotong"]
[Result "1-0"]
[WhiteElo "1825"]
[BlackElo "2124"]
[PlyCount "43"]
[EventDate "2024.04.24"]
[EventType "swiss"]
[EventCountry "CHN"]
[TimeControl "5400+30"]

1. e4 c5 2. Nf3 e6 3. d4 cxd4 4. Nxd4 Nc6 5. Nc3 Qc7 6. Be3 Nf6 7. a3 a6 8. f4 d6 9. Qf3 Be7 10. O-O-O O-O 11. Rg1 Nxd4 12. Rxd4 e5 13. Rd2 Bg4 14. Qg3 exf4 15. Qxf4 Rac8 16. Bd4 Be6 17. g4 Nd7 18. g5 Qa5 19. Bf6 Bxf6 20. gxf6 Qe5 21. Rxg7+ Kh8 22. Rxh7+ 1-0

[Event "Chinese Championship-B Women 2024"]
[Site "Liaocheng"]
[Date "2024.04.24"]
[Round "5.5"]
[White "Shi, Yige"]
[Black "Yang, Yijing"]
[Result "0-1"]
[WhiteElo "1794"]
[BlackElo "2040"]
[PlyCount "54"]
[EventDate "2024.04.24"]
[EventType "swiss"]
[EventCountry "CHN"]
[TimeControl "5400+30"]

1. d4 e6 2. c4 Bb4+ 3. Nc3 c5 4. dxc5 Bxc3+ 5. bxc3 Qa5 6. Qc2 Nf6 7. Be3 Nc6 8. Rb1 Ng4 9. Bf4 Qxc5 10. e3 a6 11. Nf3 O-O 12. Be2 f5 13. Qd2 e5 14. Qd5+ Qxd5 15. cxd5 exf4 16. dxc6 dxc6 17. exf4 Re8 18. Kf1 Ra7 19. Bc4+ Kf8 20. Ng5 Nf6 21. f3 b5 22. Bb3 h6 23. Nh3 Rd7 24. Nf2 a5 25. c4 Ba6 26. Bd1 bxc4 27. Rb6 c3+ 0-1

[Event "Chinese Championship-B Women 2024"]
[Site "Liaocheng"]
[Date "2024.04.24"]
[Round "5.6"]
[White "Wang, Yi(Bj)"]
[Black "Zhao, Yunqing"]
[Result "1/2-1/2"]
[WhiteElo "1782"]
[BlackElo "1965"]
[PlyCount "107"]
[EventDate "2024.04.24"]
[EventType "swiss"]
[EventCountry "CHN"]
[TimeControl "5400+30"]

1. e4 c5 2. Nf3 e6 3. d4 cxd4 4. Nxd4 Nc6 5. Nc3 Qc7 6. Ncb5 Qb8 7. Bd3 a6 8. Nxc6 dxc6 9. Nc3 e5 10. O-O Nf6 11. Kh1 Bd6 12. Ne2 Nd7 13. c3 Qc7 14. Ng3 g6 15. Bh6 Nc5 16. Bc2 Ne6 17. Qd2 Bd7 18. a4 Bf8 19. Be3 a5 20. Ne2 Bc5 21. f4 Bxe3 22. Qxe3 exf4 23. Nxf4 Nxf4 24. Rxf4 Qe5 25. Raf1 Be6 26. Qb6 O-O 27. Qf2 Rad8 28. Qe3 Rd7 29. R4f2 Rfd8 30. Qe1 Bc4 31. Rg1 b5 32. Qe3 h5 33. h4 bxa4 34. Bxa4 Rd3 35. Qf4 Qxf4 36. Rxf4 Rd2 37. b3 Be6 38. b4 axb4 39. cxb4 R8d4 40. Bxc6 Rxb4 41. Rff1 Rbd4 42. Kh2 R4d3 43. Kh1 Rg3 44. Rf3 Rxf3 45. gxf3 Rf2 46. e5 Re2 47. Be4 Kf8 48. Rg2 Re1+ 49. Kh2 Rd1 50. Kg3 Bd5 51. Re2 Ke7 52. Bxd5 Rxd5 53. Kf4 Ke6 54. Re4 1/2-1/2

[Event "Chinese Championship-B Women 2024"]
[Site "Liaocheng"]
[Date "2024.04.24"]
[Round "5.7"]
[White "Mu, Wangxueyao"]
[Black "Guo, Weibao"]
[Result "1/2-1/2"]
[WhiteElo "1738"]
[BlackElo "1954"]
[PlyCount "79"]
[EventDate "2024.04.24"]
[EventType "swiss"]
[EventCountry "CHN"]
[TimeControl "5400+30"]

1. d4 e6 2. c4 f5 3. d5 Be7 4. Nc3 Nf6 5. g3 O-O 6. Bg2 e5 7. e3 a5 8. Nge2 Na6 9. O-O Nc5 10. b3 d6 11. a3 Bd7 12. Bb2 Qe8 13. b4 axb4 14. axb4 Rxa1 15. Bxa1 Nce4 16. f3 Nxc3 17. Bxc3 Qg6 18. c5 Bb5 19. f4 e4 20. Re1 Bxe2 21. Rxe2 dxc5 22. Be5 Qf7 23. Rd2 cxb4 24. Bf1 Bc5 25. Qb3 Ne8 26. h3 Nd6 27. Kh2 Ra8 28. Ra2 Qe8 29. g4 Rxa2+ 30. Qxa2 Bxe3 31. gxf5 Bc5 32. Qg2 Qf7 33. f6 g6 34. Qa2 h5 35. Qa8+ Kh7 36. Qd8 b3 37. Qe7 Kg8 38. Qd8+ Kh7 39. Qe7 Kg8 40. Qd8+ 1/2-1/2

[Event "Chinese Championship-B Women 2024"]
[Site "Liaocheng"]
[Date "2024.04.24"]
[Round "5.8"]
[White "Zhao, Chenyu"]
[Black "Zhu, Zile"]
[Result "1-0"]
[WhiteElo "1909"]
[BlackElo "1819"]
[PlyCount "53"]
[EventDate "2024.04.24"]
[EventType "swiss"]
[EventCountry "CHN"]
[TimeControl "5400+30"]

1. e4 e6 2. d4 d5 3. Nd2 dxe4 4. Nxe4 Nd7 5. Nf3 Ngf6 6. Nxf6+ Nxf6 7. Bd3 c5 8. O-O cxd4 9. Nxd4 Bc5 10. Nb3 Bb6 11. Qf3 Qc7 12. Bf4 Qc6 13. Qxc6+ bxc6 14. a4 a5 15. Nd2 Bc5 16. Ne4 Be7 17. Nxf6+ Bxf6 18. Be4 Bd7 19. Rfd1 Rc8 20. Ra3 e5 21. Be3 Be7 22. Rb3 f5 23. Rxd7 Kxd7 24. Bxf5+ Kd6 25. Rd3+ Kc7 26. Rd7+ Kb8 27. Rxe7 1-0

[Event "Chinese Championship-B Women 2024"]
[Site "Liaocheng"]
[Date "2024.04.24"]
[Round "5.9"]
[White "Shao, Qiyu"]
[Black "Gao, Muziyan"]
[Result "1-0"]
[WhiteElo "1764"]
[BlackElo "1891"]
[PlyCount "99"]
[EventDate "2024.04.24"]
[EventType "swiss"]
[EventCountry "CHN"]
[TimeControl "5400+30"]

1. c4 e5 2. Nc3 d6 3. g3 Be7 4. Nf3 f5 5. b3 Nf6 6. Bb2 c6 7. Bg2 O-O 8. O-O Ne8 9. Rc1 Be6 10. c5 Nd7 11. cxd6 Nxd6 12. Qc2 Re8 13. d3 Bf6 14. Rfd1 Qa5 15. Nd2 Rad8 16. Na4 Nb5 17. Nc4 Qb4 18. Nc3 Nd4 19. Qd2 Bxc4 20. bxc4 Qe7 21. Rb1 Nb6 22. e3 Ne6 23. Qc2 Qf7 24. a4 Nd7 25. Ba3 Ndc5 26. Ne2 Rd7 27. Bxc5 Nxc5 28. d4 exd4 29. exd4 Nxa4 30. d5 Rxe2 31. Qxa4 Qe7 32. dxc6 Qc5 33. Rf1 bxc6 34. Bxc6 Rd8 35. Bd5+ Kh8 36. Qb3 a5 37. Qf3 Re5 38. Rb5 Qa7 39. Qa3 a4 40. Rb4 Be7 41. Qxa4 Qd4 42. Rb7 Bc5 43. Qb3 Re1 44. Qf3 Rxf1+ 45. Kxf1 Qe5 46. Qe2 Qd4 47. Rf7 g6 48. Rc7 Bd6 49. Rd7 Qa1+ 50. Kg2 1-0

[Event "Chinese Championship-B Women 2024"]
[Site "Liaocheng"]
[Date "2024.04.24"]
[Round "5.10"]
[White "Hu, Yu A."]
[Black "Cao, Jiahui"]
[Result "1-0"]
[WhiteElo "2148"]
[BlackElo "1685"]
[PlyCount "41"]
[EventDate "2024.04.24"]
[EventType "swiss"]
[EventCountry "CHN"]
[TimeControl "5400+30"]

1. d4 Nf6 2. Nf3 e6 3. g3 d5 4. Bg2 Be7 5. c4 O-O 6. O-O b6 7. cxd5 exd5 8. Nc3 Bb7 9. Ne5 Na6 10. Bf4 c5 11. Rc1 Nc7 12. dxc5 Bxc5 13. Nf3 Ne6 14. Be5 Ne4 15. e3 Nxc3 16. Bxc3 Qe7 17. Qd2 Rfd8 18. Rfd1 a5 19. h4 Rd6 20. Nd4 Bxd4 21. Bxd4 1-0